 Dungeon Crawl Stone Soup version 0.28-a0-804-g60983d4ba9 (webtiles) character file.

Game seed: 8225697651260603753

318 cheechan the Chopper (level 6, -2/42 HPs)
             Began as an Octopode Gladiator on Nov 7, 2021.
             Slain by a wyvern zombie (13 damage)
             ... on level 4 of the Dungeon.
             The game lasted 00:09:13 (2551 turns).

cheechan the Chopper (Octopode Gladiator)           Turns: 2551, Time: 00:09:14

Health: -2/42      AC:  2    Str: 14    XL:     6   Next: 45%
Magic:  6/6        EV: 14    Int: 10    God:
Gold:   135        SH:  0    Dex: 15    Spells: 5/5 levels left

rFire   + . .      SeeInvis .   a - +0 war axe
rCold   x . .      Faith    .   (no shield)
rNeg    . . .      Spirit   .   b - +1 hat
rPois   .          Reflect  .   (no amulet)
rElec   .          Harm     .   l - ring of fire
rCorr   .          Rampage  .   (no ring)
Will    .....                   (no ring)
Stlth   +++.......              (no ring)
HPRegen 0.14/turn               (no ring)
MPRegen 0.10/turn               (no ring)
                                (no ring)
                                (no ring)

@: no status effects
A: almost no armour, amphibious, 8 rings, camouflage 1, gelatinous body 1,
(nimble swimmer 1), tentacles
a: no special abilities


You were on level 4 of the Dungeon.
You visited 1 branch of the dungeon, and saw 4 of its levels.

You collected 135 gold pieces.

Inventory:

Hand Weapons
 a - a +0 war axe (weapon)
Missiles
 c - 3 throwing nets
 e - 73 arrows
 g - 21 poisoned darts (quivered)
Armour
 b - a +1 hat (worn)
Magical Staves
 d - a staff of cold
Jewellery
 i - a +4 ring of evasion
 l - a ring of fire (left tentacle)
Potions
 f - a potion of attraction
 h - a potion of resistance
 j - a potion of mutation {unknown}
 k - 2 potions of flight {unknown}
 m - 2 potions of haste {unknown}


   Skills:
 + Level 3.1 Fighting
 + Level 5.1 Axes
 + Level 2.6 Throwing
 + Level 4.0 Dodging
 + Level 3.3 Stealth


You had 5 spell levels left.
You didn't know any spells.
Your spell library contained the following spells:

 Spells                   Type           Power      Damage    Failure   Level
 Slow                     Hex            0%         N/A       36%         1
 Confusing Touch          Hex            0%         N/A       75%         3
 Vampiric Draining        Necr           0%         2d6       75%         3


Dungeon Overview and Level Annotations

Branches:
Dungeon (4/15)
 Temple: D:4-7

Altars:


Innate Abilities, Weirdness & Mutations

You cannot wear most types of armour.
You are amphibious.
You can wear up to eight rings at the same time.
Your skin changes colour to match your surroundings (Stealth+).
Your rubbery body absorbs attacks. (AC +1, EV +1)
((You are camouflaged near water. (Stealth+)))
You have tentacles for arms and can constrict up to eight enemies at once.


Message History

The howler monkey skeleton is heavily damaged.
You constrict the howler monkey skeleton.
The howler monkey skeleton closely misses you.
You barely miss the howler monkey skeleton.
The howler monkey skeleton is heavily damaged.
You constrict the howler monkey skeleton.
The howler monkey skeleton barely misses you.
The howler monkey skeleton hits you.
You slash the howler monkey skeleton!
You destroy the howler monkey skeleton!
g - 16 poisoned darts (gained 1)
g - 17 poisoned darts (gained 1)
g - 19 poisoned darts (gained 2)
g - 20 poisoned darts (gained 1)
g - 22 poisoned darts (gained 2)
You open the door.
There is an open door here.
Found a dagger.
Found a scroll of identify.
A wyvern zombie comes into view.
Throw: 22 darts (poison)
Press: ? - help, Q - select action, (/) - cycle Shift-Dir - straight line, f - wyvern zombie
Aim: a wyvern zombie (79% to hit)
You throw a poisoned dart.
The poisoned dart barely misses the wyvern zombie.
The wyvern zombie bites you! The wyvern zombie misses you.
The wyvern zombie bites you.
You slash the wyvern zombie! Your squeeze misses the wyvern zombie.
The wyvern zombie is moderately damaged.
The wyvern zombie closely misses you. The wyvern zombie barely misses you.
You hit the wyvern zombie but do no damage.
You squeeze the wyvern zombie.
The wyvern zombie is moderately damaged.
The wyvern zombie barely misses you.
You barely miss the wyvern zombie.
The wyvern zombie is moderately damaged.
The wyvern zombie bites you!
* * * LOW HITPOINT WARNING * * *
The wyvern zombie bites you!
You die...

############ ##########
.......#...#####.........
...........'.............
...........#####.........
...........# #Z........
...........# #@........
...........# #.........
#.......##### #.........
#...........# #.....)...
#...........# #.........
#...........# #........(
####+##....... ...#......
+>...... ...+..... ## #
#.......


You could see a wyvern zombie.

Vanquished Creatures
  A black bear (D:4)
  A necrophage (D:4)
  A bullfrog skeleton (D:3)
  3 adders
  A howler monkey skeleton (D:4)
  An ufetubus (D:4)
  An adder skeleton (D:4)
  A worm (D:2)
  3 dart slugs
  4 orcs
  3 bats
  5 endoplasms
  5 giant cockroaches
  4 goblins
  5 hobgoblins
  A quokka (D:3)
  9 ball pythons
  4 frilled lizards (D:3)
  7 kobolds
  8 rats
68 creatures vanquished.

Notes
Turn   | Place    | Note
-------+----------+-------------------------------------------
     0 | D:1      | cheechan the Octopode Gladiator began the quest for the
                  | Orb.
     0 | D:1      | Reached XP level 1. HP: 14/14 MP: 1/1
   356 | D:1      | Found a faded altar of an unknown god.
   633 | D:1      | Reached XP level 2. HP: 19/19 MP: 2/2
  1089 | D:2      | Reached XP level 3. HP: 24/24 MP: 3/3
  1091 | D:2      | Reached skill level 1 in Stealth
  1952 | D:3      | Reached XP level 4. HP: 16/30 MP: 4/4
  2206 | D:3      | Reached skill level 4 in Axes
  2206 | D:3      | Reached XP level 5. HP: 24/35 MP: 5/5
  2443 | D:4      | Noticed a necrophage
  2448 | D:4      | Killed a necrophage
  2449 | D:4      | Noticed a black bear
  2456 | D:4      | Killed a black bear
  2457 | D:4      | Reached skill level 5 in Axes
  2457 | D:4      | Reached XP level 6. HP: 33/42 MP: 6/6
  2551 | D:4      | Slain by a wyvern zombie

Illustrated notes

Levels and vault maps discovered:
D:1:      dpeg_arrival_snail, layout_loops_ring, basic_ecumenical_altar,
          minmay_misc_feat_rows, minmay_misc_feat_hallway
D:2:      layout_basic
D:3:      minmay_chambers_of_threes, layout_basic,
          hangedman_abyss_or_decor_stabs
D:4:      layout_basic, old_standard_altar, nicolae_vehumet_altar_sigil,
          minmay_temple_entry_gardened_gates

Skill      XL: |  1  2  3  4  5  6 |
---------------+-------------------+-----
Stealth        | 2 3 |  3.3
Axes           | 4 5 |  5.1
Fighting       | 3 |  3.1
Dodging        | 4 |  4.0
Throwing       | |  2.6

Action                   |  1- 3 |  4- 6 || total
-------------------------+-------+-------++-------
Melee: War axe           |    69 |    57 ||   126
       Constrict         |    20 |     9 ||    29
       Tentacles         |     7 |     7 ||    14
Throw: Dart              |       |    19 ||    19
  Use: Scroll            |     5 |     3 ||     8
       Potion            |       |     2 ||     2
 Stab: Sleeping          |     8 |     2 ||    10
Armor: Skin              |     6 |    11 ||    17
Dodge: Dodged            |    49 |    55 ||   104

Table legend: (Time is in decaauts)
 A = Elapsed time spent in this place.
 B = Non-inter-level travel time spent in this place.
 C = Inter-level travel time spent in this place.
 D = Time resting spent in this place.
 E = Time spent auto-exploring this place.
 F = Levels seen in this place.
 G = Mean time per level.
                   A        B        C        D        E       F      G
               +--------+--------+--------+--------+--------+-----+--------+
         Total |   2596 |   2596 |      0 |    322 |      0 |   4 |  649.0 |
       Dungeon |   2596 |   2596 |      0 |    322 |      0 |   4 |  649.0 |
               +--------+--------+--------+--------+--------+-----+--------+

Top non-repeatable levels by time:
     D:1: 1097 daAuts
     D:3: 782 daAuts
     D:2: 571 daAuts
     D:4: 144 daAuts
